 Dungeon Crawl Stone Soup version 0.28.0 (webtiles) character file.

Game seed: 14948871561744265890

91 zkyp the Skirmisher (level 4, -7/44 HPs)
             Began as a Naga Berserker on Feb 9, 2022.
             Was a Follower of Trog.
             Killed by nerve-wracking pain
             ... invoked by Grinder
              (12 damage)
             ... on level 3 of the Dungeon.
             The game lasted 00:01:47 (4207 turns).

zkyp the Skirmisher (Naga Berserker)                Turns: 4207, Time: 00:01:47

Health: -7/44      AC:  4    Str: 18 (21) XL:     4   Next: 57%
Magic:  4/4        EV:  8    Int:  4 (7)  God:    Trog [*.....]
Gold:   177        SH:  0    Dex:  9 (11) Spells: 3/3 levels left

rFire   + . .      SeeInvis +   a - +0 hand axe
rCold   . . .      Faith    .   (no shield)
rNeg    . . .      Spirit   .   f - +0 ring mail
rPois   +          Reflect  .   (no helmet)
rElec   .          Harm     .   (no cloak)
rCorr   .          Rampage  .   (no gloves)
Will    .....                   (no barding)
Stlth   ..........              (no amulet)
HPRegen 0.14/turn               (no ring)
MPRegen 0.09/turn               d - ring of protection from fire

@: on berserk cooldown, slowed, very slow
A: AC +1, large, see invisible, deformed body, poison resistance, slowness 2,
spit poison 1, naga tail 1
a: Spit Poison, Renounce Religion, Berserk


You were on level 3 of the Dungeon.
You worshipped Trog.
Trog was aware of your devotion.
You visited 1 branch of the dungeon, and saw 3 of its levels.

You collected 177 gold pieces.

Inventory:

Hand Weapons
 a - a +0 hand axe (weapon)
Missiles
 l - 4 javelins
Armour
 f - a +0 ring mail (worn)
Jewellery
 d - a ring of protection from fire (right hand)
Scrolls
 b - a scroll of blinking {unknown}
 g - a scroll of teleportation {unknown}
 i - a scroll of noise {unknown}
Potions
 c - 2 potions of mutation {unknown}
 e - a potion of heal wounds {unknown}
 h - a potion of haste {unknown}
 j - a potion of curing {@q1}
 k - a potion of degeneration


   Skills:
 + Level 4.2 Fighting
 + Level 4.2 Axes
 - Level 1.5 Armour
 - Level 1.5 Dodging


You had 3 spell levels left.
You didn't know any spells.
Your spell library was empty.

Dungeon Overview and Level Annotations

Branches:
Dungeon (3/15)

Altars:

Annotations:
D:3 Grinder


Innate Abilities, Weirdness & Mutations

Your serpentine skin is tough. (AC +1)
You have supernaturally acute eyesight. (SInv)
Armour fits poorly on your strangely shaped body.
Your system is resistant to poisons. (rPois)
You cover ground very slowly.
You can spit poison.
You have a snake-like lower body.


Message History

You feel yourself slow down.
You see here a hobgoblin corpse.
You barely miss Grinder.
Grinder is heavily wounded.
Grinder closely misses you.
Grinder says, "FISH!"
Grinder hits you but does no damage.
You hit Grinder but do no damage.
Grinder is heavily wounded.
Grinder gestures at you. You resist with significant effort. Grinder hits you.
You writhe in agony.
You hit Grinder.
Grinder is heavily wounded.
Grinder hits you.
You writhe in agony.
You aren't carrying any items that you can evoke.
Unknown command.
Okay, then.
You hit Grinder but do no damage.
Grinder is heavily wounded.
A jackal comes into view.
Grinder hits you!
You writhe in agony.
* * * LOW HITPOINT WARNING * * *
Grinder drinks a potion.
Grinder is healed!
The jackal moves out of view.
You hit Grinder.
Grinder is heavily wounded.
Grinder gestures at you.
You suddenly lose the ability to move!
Grinder gestures at you.
You shrug off the repeated paralysis!
Grinder hits you!
* * * LOW HITPOINT WARNING * * *
Grinder hits you.
* * * LOW HITPOINT WARNING * * *
You can move again.
It was a potion of degeneration.
There was something very wrong with that liquid.
You feel weakened.
You feel dopey.
You feel clumsy. Grinder gestures at you. Pain shoots through your body!
You die...

#...........<##.###.#.#
#............##..##.#.#
#............###.##.#.#
##............# #.##.#.#
..............###.##.#)#
###>......)...#........#
#(............#........#
.#...........#........#
##...@......#####....#
#...5......# #....#
#.....h....# ##>#.#
#..........# #.#..
#..........# #.#..
#..........# #.#
#..........# #.#
#........... ....# #(.


You could see Grinder and a jackal.

Vanquished Creatures
  3 adders
  4 worms
  2 dart slugs
  5 bats
  3 endoplasms
  A giant cockroach (D:2)
  5 goblins
  6 hobgoblins
  2 quokkas
  3 ball pythons
  4 frilled lizards
  6 kobolds
  3 rats
47 creatures vanquished.

Notes
Turn   | Place    | Note
-------+----------+-------------------------------------------
     0 | D:1      | zkyp the Naga Berserker began the quest for the Orb.
     0 | D:1      | Reached XP level 1. HP: 21/21 MP: 1/1
   699 | D:1      | Reached XP level 2. HP: 9/28 MP: 2/2
  1201 | D:1      | Noticed an eye of devastation
  1275 | D:1      | Found a faded altar of an unknown god.
  1278 | D:1      | Noticed a golden eye
  1384 | D:1      | Noticed a shining eye
  1384 | D:1      | Noticed an eye of devastation
  2322 | D:2      | Reached XP level 3. HP: 15/34 MP: 3/3
  3024 | D:2      | Reached XP level 4. HP: 44/44 MP: 4/4
  4181 | D:3      | Noticed Grinder
  4190 | D:3      | Paralysed by Grinder for 4 turns
  4203 | D:3      | Paralysed by Grinder for 4 turns
  4207 | D:3      | Killed from afar by Grinder

Illustrated notes

Levels and vault maps discovered:
D:1:      dpeg_arrival_arbitrary_a, layout_loops_corners,
          hellmonk_ecumenical_altar_watching_god
D:2:      layout_basic
D:3:      layout_basic, st_stairs_9, chequers_garden,
          chequers_serial_rivers_large_b, minmay_misc_feat_alley, uniq_grinder

Skill      XL: |  1  2  3  4 |
---------------+-------------+-----
Fighting       | 4 |  4.2
Axes           | 4 |  4.2
Armour         | |  1.5
Dodging        | |  1.5

Action                   |  1- 3 |  4- 6 || total
-------------------------+-------+-------++-------
Melee: Hand axe          |   116 |    75 ||   191
       Punch             |     1 |     1 ||     2
Invok: Berserk           |     4 |     1 ||     5
  Use: Potion            |       |     1 ||     1
Armor: Animal skin       |    16 |       ||    16
       Ring mail         |     9 |    28 ||    37
Dodge: Dodged            |    54 |    31 ||    85
